 Dungeon Crawl Stone Soup version 0.26.0-7-g794d0892b4 (webtiles) character file.

Game seed: 6250477438278105657

26 vvl the Insei (level 3, -1/26 HPs)
             Began as a Merfolk Transmuter on Jan 12, 2021.
             Slain by a leopard gecko (5 damage)
             ... on level 1 of the Dungeon.
             The game lasted 00:02:56 (1481 turns).

vvl the Insei (Merfolk Transmuter)                  Turns: 1481, Time: 00:02:59

Health: -1/26      AC:  2    Str: 11    XL:     3   Next: 8%
Magic:  5/6        EV: 10    Int: 12    God:
Gold:   13         SH:  6    Dex: 14    Spells: 5/6 levels left

rFire    . . .     SeeInvis .     - Unarmed
rCold    . . .     Faith    .   i - +0 kite shield (curse)
rNeg     . . .     Spirit   .   a - +0 robe
rPois    .         Reflect  .   (helmet currently unavailable)
rElec    .         Harm     .   (no cloak)
rCorr    .         Rampage  .   (no gloves)
Will     .....                  (boots currently unavailable)
Stlth    +.........             (no amulet)
HPRegen  0.08/turn              (no ring)
MPRegen  0.10/turn              (no ring)

@: appendages
A: change form in water, swift swim, stealthy swim, horns 2
a: End Transformation


You were on level 1 of the Dungeon.
You had grown temporary horns.
You visited 1 branch of the dungeon, and saw 1 of its levels.

You collected 13 gold pieces.

Inventory:

Armour
 a - a +0 robe (worn)
 i - a cursed +0 kite shield (worn)
Scrolls
 c - a scroll of fog {unknown}
 d - 2 scrolls of identify {unknown}
 h - a scroll of fear {unknown}
Potions
 b - 2 potions of ambrosia {unknown}
 e - a potion of might {unknown}
 f - a potion of flight {unknown}
 g - a potion of mutation {unknown}


   Skills:
 + Level 1.3 Fighting
 + Level 2.9 Dodging
 + Level 0.1 Shields
 + Level 3.4 Unarmed Combat
 + Level 2.1 Spellcasting
 * Level 3.3 Transmutations
 + Level 0.5 Invocations
 + Level 0.7 Evocations


You had 5 spell levels left.
You knew the following spells:

 Your Spells              Type           Power        Failure   Level
a - Beastly Appendage     Tmut           18%          41%         1

Your spell library contained the following spells:

 Spells                   Type           Power        Failure   Level
 Wereblood                Tmut           9%           56%         2
 Spider Form              Tmut/Pois      2%           95%         3
 Ice Form                 Ice/Tmut       5%           100%        4
 Blade Hands              Tmut           4%           100%        5


Dungeon Overview and Level Annotations

Branches:
Dungeon (1/15)

Altars:


Innate Abilities, Weirdness & Mutations

You revert to your normal form in water.
You are very nimble and swift while swimming.
You are very stealthy in the water. (Stealth+)
You have a pair of horns on your head.


Message History

You are too injured to fight recklessly!
You are too injured to fight recklessly!
You are too injured to fight recklessly!
Casting: Beastly Appendage (safe; 41% risk of failure)
Confirm with . or Enter, or press ? or * to list all spells.
You grow a pair of large bovine horns.
You block the bat's attack. The bat closely misses you.
The bat hits you but does no damage. The leopard gecko misses you.
You closely miss the leopard gecko. Your headbutt misses the leopard gecko.
The leopard gecko is heavily wounded.
The bat closely misses you. The bat hits you but does no damage.
The leopard gecko barely misses you. The hobgoblin hits you with a +0 club.
The bat closely misses you. You block the leopard gecko's attack.
You completely miss the leopard gecko.
The leopard gecko is heavily wounded.
You block the bat's attack. The bat barely misses you.
The hobgoblin hits you with a +0 club.
* * * LOW HITPOINT WARNING * * *
The leopard gecko bites you.
You die...

# #.# #............ ..
#.# #....######## #. #.#
#...[######## #. #.#
#............ ### #.##.##
###.......... ...(#..#..+
+.......... #....#..#
#..........
#...b#######..........
##..g@................
#..l†................
[....#.#b........#######
?.(#...............######
#..
#..#.#................ ..
#.................##... .
...................##...
...................##...
................(..##...


You could see a leopard gecko, a hobgoblin and 2 bats.

Vanquished Creatures
  2 dart slugs (D:1)
  2 bats (D:1)
  A giant cockroach (D:1)
  A goblin (D:1)
  5 hobgoblins (D:1)
  3 ball pythons (D:1)
  A frilled lizard (D:1)
  3 kobolds (D:1)
  5 rats (D:1)
23 creatures vanquished.

Notes
Turn   | Place    | Note
-------+----------+-------------------------------------------
     0 | D:1      | vvl the Merfolk Transmuter began the quest for the Orb.
     0 | D:1      | Reached XP level 1. HP: 15/15 MP: 3/3
   383 | D:1      | Reached XP level 2. HP: 11/21 MP: 1/5
  1427 | D:1      | Reached XP level 3. HP: 25/26 MP: 6/6
  1481 | D:1      | Slain by a leopard gecko

Illustrated notes

Levels and vault maps discovered:
D:1:      dpeg_arrival_snail, layout_basic, minmay_pentomino_w4

Skill      XL: |  1 |
---------------+----+-----
Transmutations | 3 |  3.3
Fighting       | |  1.3
Dodging        | |  2.9
Shields        | |  0.1
Unarmed Combat | |  3.4
Spellcasting   | |  2.1
Invocations    | |  0.5
Evocations     | |  0.7

Action                   || total
-------------------------++-------
Melee: Unarmed           ||   105
       Headbutt          ||     6
       Punch             ||     2
 Cast: Beastly Appendage ||     7
 Stab: Sleeping          ||     1
       Distracted        ||     1
Armor: Robe              ||    32
Dodge: Dodged            ||    77
Block: Kite shield       ||    28
